 Dungeon Crawl Stone Soup version 0.18.1-8-gdd0e5ea (webtiles) character file.

177 Kenran the Chopper (level 5, -2/32 HPs)
             Began as a Gargoyle Fighter on May 21, 2016.
             Killed by divine providence
             ... invoked by an orc priest
              (11 damage)
             ... on level 3 of the Dungeon.
             The game lasted 00:06:21 (2007 turns).

Kenran the Chopper (Gargoyle Fighter)               Turns: 2007, Time: 00:06:22

Health: -2/32      AC: 15    Str: 20    XL:     5   Next: 57%
Magic:  5/5        EV:  9    Int:  9    God:
Gold:   50         SH:  0    Dex:  9    Spells: 0 memorised, 4 levels left

rFire  . . .     SeeInvis .     v - -2 quarterstaff (curse)
rCold  + + .     Gourm    .     q - +2 scale mail {rC+}
rNeg   + . .     Faith    .     (shield currently unavailable)
rPois  ∞         Spirit   .     t - +1 helmet
rElec  +         Dismiss  .     (no cloak)
rCorr  .         Reflect  .     (no gloves)
SustAt .         Harm     .     (no boots)
MR     .....                    (no amulet)
Stlth  ..........               (no ring)
                                o - ring of protection from cold

@: not resistant to hostile enchantments, extremely unstealthy
A: negative energy resistance 1, electricity resistance, unbreathing,
petrification resistance, rot immunity, AC +4
a: no special abilities


You were on level 3 of the Dungeon.
You were not hungry.

You visited 1 branch of the dungeon, and saw 3 of its levels.

You collected 50 gold pieces.

Inventory:

Hand Weapons
 a - a +0 war axe
 i - a +0 hunting sling
 v - a cursed -2 quarterstaff (weapon)
Missiles
 n - 78 stones (quivered)
Armour
 q - a +2 scale mail of cold resistance (worn)
 t - a +1 helmet (worn)
Jewellery
 o - a ring of protection from cold (left hand)
Wands
 j - a wand of random effects (24/48)
Scrolls
 b - a scroll of blinking {unknown}
 c - 3 scrolls of fog {unknown}
 g - 4 scrolls of identify
 h - a scroll of recharging
 l - 2 scrolls of teleportation
Potions
 d - 2 potions of might
 e - 3 potions of curing {unknown}
 k - a potion of degeneration {unknown}
 m - a potion of flight {unknown}
Comestibles
 f - 2 bread rations
 p - 2 meat rations
 r - a royal jelly


   Skills:
 - Level 3.2 Fighting
 + Level 5.1 Axes
 - Level 3.2 Armour
   Level 3.2 Shields


You had 4 spell levels left.
You didn't know any spells.

Dungeon Overview and Level Annotations

Branches:
Dungeon (3/15)

Altars:
Xom


Innate Abilities, Weirdness & Mutations

You are resistant to torment.
Your stone body is resilient (AC +4).
You are immune to poison.
You resist negative energy.
You are resistant to electric shocks.
You can survive without breathing.
You are immune to petrification.
You are immune to rotting.


Message History

Your scale mail prevents you from hitting the orc.
The orc is lightly wounded.
The orc hits you but does no damage.
You hit the orc.
The orc is severely wounded.
The orc misses you.
You barely miss the orc.
The orc is severely wounded.
The orc hits you but does no damage. The orc closely misses you.
You hit the orc.
You kill the orc!
The orc priest hits you but does no damage.
You sock the orc priest!
The orc priest is heavily wounded.
The orc priest hits you but does no damage.
You hit the orc priest.
The orc priest is severely wounded.
The orc priest invokes the aid of Beogh against you.
Beogh smites you!
You die...

*..>,,,,* *,********** *.#***#?#
*,,,,,,,,,*, *.#**##.#**
*********,*, *#.##...[.,**** *,,,
*.....,#..,,,,* ***,
#####*...,,,..#,**,* *,,
#...##.#****#.#,**,### #..
#....<.# #.#,,.,..# #.. #...####
#@#**#.#.# #..
#####.##########o####.#.## #..
#..............#oo.......# #..
#.)##..#.......####o###..######..
#..##..#.......## #.###..........
#......#........# #o.[.(.........
#...##.#........###...#...(......
#........"......##........#####..
#......##......)##........# #..


You could see an orc priest and 2 orcs.

Vanquished Creatures
  A crimson imp (D:3)
  An orc priest (D:3)
  Natasha (D:2)
  2 adders
  An ooze (D:2)
  A worm (D:2)
  2 dart slugs (D:1)
  3 giant geckos (D:2)
  5 orcs (D:3)
  4 bats
  A giant cockroach (D:3)
  7 goblins
  4 hobgoblins
  3 jackals (D:2)
  6 kobolds
  A quokka (D:3)
  A giant newt (D:1)
  6 rats
50 creatures vanquished.

Notes
Turn   | Place    | Note
--------------------------------------------------------------
     0 | D:1      | Kenran the Gargoyle Fighter began the quest for the Orb.
     0 | D:1      | Reached XP level 1. HP: 14/14 MP: 1/1
    67 | D:1      | Reached skill level 2 in Axes
   234 | D:1      | Reached XP level 2. HP: 16/19 MP: 2/2
   808 | D:2      | Reached skill level 3 in Axes
   811 | D:2      | Reached XP level 3. HP: 19/23 MP: 3/3
  1313 | D:2      | Reached XP level 4. HP: 28/28 MP: 4/4
  1432 | D:2      | Noticed Natasha
  1444 | D:2      | Killed Natasha
  1444 | D:2      | Reached skill level 4 in Axes
  1639 | D:3      | Reached XP level 5. HP: 31/32 MP: 5/5
  1750 | D:3      | Reached skill level 5 in Axes
  1908 | D:3      | Found a shimmering altar of Xom.
  2007 | D:3      | Killed from afar by an orc priest

Skill      XL: |  1  2  3  4  5 |
---------------+----------------+-----
Axes           | 2 3 4 5 |  5.1
Fighting       | |  3.2
Armour         | |  3.2
Shields        | |  3.2

Action                   |  1- 3 |  4- 6 || total
-------------------------+-------+-------++-------
Melee: War axe           |   111 |    30 ||   141
       Quarterstaff      |       |    85 ||    85
  Use: Scroll            |       |     7 ||     7
  Eat: Chunk             |     1 |     3 ||     4
Armor: Scale mail        |    71 |    97 ||   168
Dodge: Dodged            |    46 |    68 ||   114
Block: Shield            |    70 |    15 ||    85
